 Dungeon Crawl Stone Soup version 0.21-a0-440-g28109cb (webtiles) character file.

129543 mortelune the Severer (level 16, -9/152 HPs)
             Began as a Minotaur Fighter on Nov 11, 2017.
             Was a High Priest of Okawaru.
             Shot with a bolt by Vashnia (35 damage)
             ... on level 2 of the Snake Pit.
             The game lasted 02:25:45 (34959 turns).

mortelune the Severer (Minotaur Fighter)           Turns: 34959, Time: 02:25:45

Health: -9/152     AC: 23    Str: 26    XL:     16   Next: 50%
Magic:  21/21      EV: 12    Int:  5    God:    Okawaru [*****.]
Gold:   2587       SH:  2    Dex: 12    Spells: 15/15 levels left

rFire    + . .     SeeInvis .   c - +4 battleaxe (elec)
rCold    + . .     Gourm    .   (shield currently unavailable)
rNeg     . . .     Faith    .   Q - +0 plate armour
rPois    +         Spirit   .   Z - +2 hat {MR+}
rElec    .         Reflect  +   e - scarf {rC+ rF+}
rCorr    .         Harm     .   q - +1 pair of gloves
MR       +++..                  J - +0 pair of boots
Stlth    ..........             v - +2 amulet of reflection
HPRegen  0.35/turn              H - ring of protection from magic
MPRegen  0.17/turn              r - ring of poison resistance

@: very slightly contaminated
A: retaliatory headbutt, horns 2
a: Heroism, Finesse, Renounce Religion


You were on level 2 of the Snake Pit.
You worshipped Okawaru.
Okawaru was extremely pleased with you.
You were not hungry.

You visited 5 branches of the dungeon, and saw 26 of its levels.
You also visited: Ossuary, Ice Cave and Volcano.

You collected 2867 gold pieces.
You spent 280 gold pieces at shops.

Inventory:

Hand Weapons
 c - a +4 battleaxe of electrocution (weapon)
 o - the +6 hand crossbow of Xom's Wrath {venom, +Inv rC+ rN+ Int-5 SInv}
   (You found it in an ice cave)

   It poisons the ammo it fires.
   It affects your intelligence (-5).
   It protects you from cold.
   It protects you from negative energy.
   It lets you see invisible.
   It lets you turn invisible.
 X - a +3 battleaxe of flaming
Missiles
 u - 154 bolts
Armour
 e - a scarf of resistance (worn)
 q - a +1 pair of gloves (worn)
 F - a +1 shield of positive energy
 J - a +0 pair of boots (worn)
 Q - a +0 plate armour (worn)
 S - a scarf of cloud immunity
 Z - a +2 hat of magic resistance (worn)
Jewellery
 r - a ring of poison resistance (right hand)
 v - a +2 amulet of reflection (around neck)
 H - a ring of protection from magic (left hand)
 K - a +2 ring of dexterity
 P - an uncursed ring of protection from fire
 R - an uncursed ring of see invisible
 Y - an uncursed ring of positive energy
Wands
 a - a wand of acid (8/15)
 t - a wand of scattershot (5/9)
 w - a wand of confusion (17/48)
 B - a wand of iceblast (6/15)
 I - a wand of polymorph (17/24)
 L - a wand of disintegration (6/24)
 W - a wand of digging (9/24)
Scrolls
 b - 7 scrolls of enchant armour
 g - 3 scrolls of teleportation
 h - a scroll of blinking {unknown}
 k - 4 scrolls of remove curse
 z - 2 scrolls of recharging
 D - a scroll of silence
 G - a scroll of immolation {unknown}
 N - 6 scrolls of enchant weapon
 O - 4 scrolls of fear
 T - 3 scrolls of fog
 U - 2 scrolls of magic mapping
Potions
 d - 6 potions of might
 i - a potion of invisibility
 j - 5 potions of agility
 l - 4 potions of haste
 n - 8 potions of curing
 p - 5 potions of lignification
 y - 2 potions of degeneration
 E - 3 potions of cancellation
 M - 4 potions of flight
 V - a potion of berserk rage
Miscellaneous
 x - a box of beasts
 C - a sack of spiders
Comestibles
 f - 12 bread rations
 m - 13 royal jellies
 s - 15 fruits


   Skills:
 + Level 16.5 Fighting
 + Level 19.2 Axes
   Level 2.0(13.1) Maces & Flails
 + Level 16.4 Armour
 + Level 9.6 Dodging
 - Level 6.3 Shields
 - Level 8.0 Invocations
 + Level 7.1 Evocations


You had 15 spell levels left.
You didn't know any spells.

Dungeon Overview and Level Annotations

Branches:
Dungeon (15/15)            Temple (1/1) D:4            Lair (6/6) D:9
 Shoals (0/4) Lair:2        Snake (2/4) Lair:2        Slime (0/5) Lair:5
    Orc (2/2) D:12            Elf (0/3) Orc:2        Vaults (0/5) D:14
 Depths (0/5) D:15

Altars:
Ashenzari
Cheibriados
Dithmenos
Elyvilon
Fedhas
Gozag
Kikubaaqudgha
Makhleb
Nemelex Xobeh
Okawaru
Qazlal
Uskayaw
Vehumet
Wu Jian
Xom
Yredelemnul
Zin
The Shining One

Shops:
D:13 *   D:15 [   Orc:1 }   Orc:2 }%((

Annotations:
Lair:1 exclusion: 2 oklob plants
Snake:2 Vashnia


Innate Abilities, Weirdness & Mutations

You reflexively headbutt those who attack you in melee.
You have a pair of horns on your head.


Message History

You start resting.
Your hands slow down.
You start resting.
You flicker for a moment.
You start resting.
Magic restored.
You start resting.
You feel like a meek peon again.
You start resting.
You flicker back into view.
You start resting.
Vashnia is nearby!
Vashnia shoots a bolt.
The bolt hits you!!
* * * LOW HITPOINT WARNING * * *
The bolt freezes you.
* * * LOW HITPOINT WARNING * * *
You hear a shout! x2
You see here a bolt.
Vashnia casts a spell.
Vashnia magically shoots a bolt.
The bolt hits you!!
You die...

##. ##..
##...
##....
.....##
#...#
#..### .#.
##.(.#....#
##@.....#
#####
###N#.##
##.#.. ..##
##..... ##
##......
#....
##..#.###
....#
##..).##
...#
##....##
##..#
##....##
#..N#
#....##


You could see Vashnia.

Vanquished Creatures
  Jorgrun (Snake:2)
  A fire giant (D:15)
  A nagaraja (Snake:2)
  Louise (Snake:1)
  The ghost of p0werm0de the Cleaver, a journeyman GrCK of Xom (Lair:5)
  Azrael (D:14)
  The ghost of tof the Carver, a journeyman MiMo of Ru (D:13)
  The ghost of namelastname112 the Frost Mage, a journeyman DsIE of Dithmenos (D:13)
  Josephine (D:13)
  A fire dragon (D:14)
  Harold (Lair:1)
  A vault guard (D:14)
  Erolcha (D:13)
  4 naga warriors
  3 hydras
  The ghost of JackS81 the Martial Artist, a journeyman GnTm of Ashenzari (Lair:1)
  Erica (D:8)
  3 catoblepae (Lair:6)
  2 ogre magi (D:15)
  10 two-headed ogres
  4 centaur warriors
  3 anacondas (Snake:1)
  A shock serpent (Snake:2)
  2 orc high priests
  6 death yaks (Lair:6)
  3 naga sharpshooters
  Urug (Lair:3)
  A hell knight (D:15)
  A sun demon (Volcano)
  A deep elf knight (D:15)
  A slime creature (D:12)
  4 sea snakes (Snake:1)
  9 skeletal warriors (D:15)
  An unseen horror (D:14)
  The ghost of mortelune the Cleaver, a novice MiFi of Okawaru (D:6)
  A wizard (D:15)
  A lindwurm (Lair:3)
  2 wolf spider zombies
  3 mana vipers (Snake:1)
  4 ugly things
  7 orc sorcerers
  A deep elf mage (D:13)
  3 cyclopes
  4 orc knights
  2 manticores
  4 salamanders
  20 elephants
  3 centaur zombies
  3 naga magi
  2 molten gargoyles (Volcano)
  7 black mambas
  3 ice statues (IceCv)
  2 guardian serpents
  A gargoyle (D:11)
  8 spiny frogs
  6 rime drakes
  5 komodo dragons
  A torpor snail (Lair:4)
  An efreet (D:15)
  A tengu conjurer (D:14)
  A freezing wraith (D:14)
  A meliai (shapeshifter) (D:14)
  7 trolls
  A queen bee (D:9)
  A polar bear (Lair:3)
  3 meliai (D:14)
  12 dream sheep
  11 hippogriffs
  A shadow (D:11)
  3 water elementals (D:15)
  5 wraiths
  50 yaks
  The ghost of mortelune the Skirmisher, an amateur MiFi (D:3)
  4 wyverns
  A hungry ghost (D:10)
  2 fire elementals (D:14)
  11 vampire mosquitoes
  2 basilisks
  2 fire bats (Volcano)
  8 nagas
  2 wargs (Orc:1)
  6 hell hounds
  2 acid dragons
  13 water moccasins
  8 ice beasts
  3 sky beasts
  13 porcupines
  24 orc warriors
  An eye of draining (D:14)
  3 black bears
  16 centaurs
  2 necrophages
  14 ogres
  15 crocodiles
  22 bullfrogs
  A wyvern skeleton (D:8)
  4 scorpions
  20 killer bees
  14 wights
  6 howler monkeys
  8 electric eels
  5 crimson imps
  2 lava snakes (Volcano)
  2 hounds
  23 orc priests
  14 jellies
  4 centaur skeletons
  26 orc wizards
  A bullfrog skeleton (D:13)
  6 iguanas
  3 worker ants
  A killer bee zombie (D:10)
  A big kobold zombie (Ossuary)
  A hound zombie (D:11)
  8 mummies (Ossuary)
  2 worker ant zombies
  6 adders
  11 gnolls
  3 shadow imps
  3 oozes
  An adder zombie (D:4)
  An adder skeleton (D:4)
  2 worms
  A dart slug (D:1)
  2 leopard geckos
  54 orcs
  15 giant cockroaches
  9 goblins
  8 hobgoblins
  5 jackals
  6 quokkas
  2 ball pythons
  8 bats
  3 frilled lizards
  2 gnoll zombies (Ossuary)
  3 hobgoblin zombies (Ossuary)
  4 kobolds
  A kobold zombie (Ossuary)
  An orc zombie (Ossuary)
  A quokka skeleton (D:7)
  2 rats (D:1)
  3 fungi
  A plant (Lair:6)
752 creatures vanquished.

Vanquished Creatures (others)
  A deep elf knight (D:15)
  A manticore (Lair:6)
  A wyvern (D:14)
  A yak (D:14)
  A quokka (D:9)
  A bush (Lair:6)
  17 fungi (Lair:6)
  15 plants (Lair:6)
38 creatures vanquished.

Grand Total: 790 creatures vanquished

Notes
Turn   | Place    | Note
-------+----------+-------------------------------------------
     0 | D:1      | mortelune the Minotaur Fighter began the quest for the Orb.
     0 | D:1      | Reached XP level 1. HP: 19/19 MP: 0/0
    78 | D:1      | Reached XP level 2. HP: 27/27 MP: 1/1
   276 | D:1      | Reached skill level 3 in Axes
   670 | D:1      | Reached XP level 3. HP: 32/33 MP: 2/2
  1100 | D:2      | Noticed a bullfrog
  1108 | D:2      | Killed a bullfrog
  1108 | D:2      | Reached skill level 4 in Axes
  1108 | D:2      | Reached XP level 4. HP: 27/41 MP: 3/3
  1347 | D:2      | Reached skill level 5 in Fighting
  1347 | D:2      | Reached XP level 5. HP: 40/48 MP: 4/4
  1348 | D:2      | Reached skill level 5 in Armour
  1714 | D:3      | Noticed mortelune's ghost (amateur MiFi)
  1720 | D:3      | Killed mortelune's ghost
  1720 | D:3      | Reached skill level 5 in Axes
  1720 | D:3      | Reached XP level 6. HP: 45/57 MP: 5/5
  2638 | D:3      | Found a blossoming altar of Fedhas.
  2777 | D:4      | Reached XP level 7. HP: 61/63 MP: 6/6
  2847 | D:4      | Found a shattered altar of Ashenzari.
  2889 | D:4      | Found a sand-covered staircase.
  2900 | Ossuary  | Entered an ossuary
  3151 | Ossuary  | Reached skill level 6 in Axes
  3736 | D:4      | Found a staircase to the Ecumenical Temple.
  3744 | Temple   | Entered the Ecumenical Temple
  3761 | Temple   | Became a worshipper of Warmaster Okawaru
  3989 | D:5      | Entered Level 5 of the Dungeon
  4106 | D:5      | Found a stormy altar of Qazlal.
  4919 | D:5      | Reached XP level 8. HP: 41/73 MP: 7/7
  5214 | D:5      | Reached * piety under Okawaru
  5214 | D:5      | Reached skill level 7 in Axes
  5358 | D:5      | Found a snail-covered altar of Cheibriados.
  5802 | D:6      | Noticed mortelune's ghost (novice MiFi)
  5820 | D:6      | Killed mortelune's ghost
  5820 | D:6      | Reached skill level 8 in Axes
  6002 | D:6      | Found a shimmering altar of Xom.
  6081 | D:6      | Found an ornate altar of the Wu Jian Council.
  6081 | D:6      | Found an opulent altar of Gozag.
  6319 | D:7      | Reached skill level 9 in Axes
  6365 | D:7      | Reached XP level 9. HP: 81/82 MP: 8/8
  6414 | D:7      | Reached ** piety under Okawaru
  6846 | D:8      | Found a hide-covered altar of Uskayaw.
  6894 | D:8      | Reached skill level 10 in Axes
  7175 | D:8      | Reached *** piety under Okawaru
  7196 | D:8      | Noticed Erica
  7372 | D:8      | Killed Erica
  7372 | D:8      | Reached skill level 11 in Axes
  7536 | D:9      | Reached XP level 10. HP: 93/93 MP: 9/9
  7581 | D:9      | Found a staircase to the Lair.
  7584 | D:9      | Reached skill level 10 in Armour
  7598 | D:9      | Reached skill level 10 in Fighting
  7622 | D:9      | Reached **** piety under Okawaru
  8189 | D:9      | Reached skill level 12 in Axes
  8216 | D:9      | Found a glowing silver altar of Zin.
  8336 | D:9      | Found a burning altar of Makhleb.
  8336 | D:9      | Noticed a green death
  8564 | D:9      | Found a white marble altar of Elyvilon.
  8626 | D:10     | Entered Level 10 of the Dungeon
  9045 | D:10     | Reached ***** piety under Okawaru
  9047 | D:10     | Reached skill level 13 in Axes
  9662 | D:11     | Got a translucent great mace
  9681 | D:11     | Received a gift from Okawaru
  9681 | D:11     | Reached XP level 11. HP: 99/102 MP: 7/10
  9841 | D:11     | Identified the +8 great mace "Jitzed" {vamp, *Rage *Drain Int+8 Dex+5} (You found it on level 11 of the Dungeon)
 10065 | D:11     | Reached skill level 15 in Axes
 10065 | D:11     | Reached XP level 12. HP: 109/113 MP: 11/11
 10540 | D:12     | Found a staircase to the Orcish Mines.
 10969 | D:13     | Noticed Josephine
 10976 | D:13     | Reached skill level 1 in Invocations
 10989 | D:13     | Killed Josephine
 10989 | D:13     | Received a gift from Okawaru
 11296 | D:13     | Noticed namelastname112's ghost (journeyman DsIE)
 11297 | D:13     | Noticed a centaur warrior
 11303 | D:13     | Killed a centaur warrior
 11325 | D:13     | Killed namelastname112's ghost
 11476 | D:13     | Noticed a centaur warrior
 11486 | D:13     | Killed a centaur warrior
 11486 | D:13     | Reached skill level 16 in Axes
 11796 | D:13     | Noticed Erolcha
 11804 | D:13     | HP: 5/115 [deep elf mage/bolt of lightning (15)]
 12167 | D:13     | Found Himp's Serpentskin Sales.
 12321 | D:13     | Killed Erolcha
 12356 | D:13     | Noticed a centaur warrior
 12371 | D:13     | Killed a centaur warrior
 12487 | D:13     | Noticed tof's ghost (journeyman MiMo)
 12606 | Lair:1   | Entered Level 1 of the Lair of Beasts
 12612 | Lair:1   | Reached ****** piety under Okawaru
 12675 | Lair:1   | Reached XP level 13. HP: 122/122 MP: 14/14
 12683 | Lair:1   | Noticed Harold
 12709 | Lair:1   | Killed Harold
 13088 | Lair:1   | Received a gift from Okawaru
 13706 | Lair:2   | Found a staircase to the Shoals.
 13771 | Lair:2   | Found a staircase to the Snake Pit.
 13889 | Lair:2   | Got a jewelled scale mail
 13900 | Lair:2   | Identified the cursed +0 scale mail of the Special People {rPois Dex+4 Slay-3} (You found it on level 2 of the Lair of Beasts)
 14363 | Lair:3   | Noticed Urug
 14378 | Lair:3   | Killed Urug
 14378 | Lair:3   | Reached skill level 17 in Axes
 14393 | Lair:3   | Found a dark tunnel.
 14415 | Volcano  | Entered a volcano
 15018 | Volcano  | Found a radiant altar of Vehumet.
 15037 | Volcano  | Reached skill level 5 in Invocations
 15789 | Lair:3   | Reached skill level 1 in Maces & Flails
 15789 | Lair:3   | Reached skill level 1 in Dodging
 18056 | Lair:5   | Found a staircase to the Slime Pits.
 18060 | Lair:5   | Received a gift from Okawaru
 18370 | Lair:5   | Noticed p0werm0de's ghost (journeyman GrCK)
 18406 | Lair:5   | Killed p0werm0de's ghost
 19115 | Lair:6   | Entered Level 6 of the Lair of Beasts
 19175 | Lair:5   | Reached XP level 14. HP: 120/132 MP: 14/17
 19182 | Lair:5   | Received a gift from Okawaru
 19201 | Lair:6   | Reached skill level 18 in Axes
 19778 | Lair:6   | Reached skill level 1 in Evocations
 19957 | Lair:6   | Received a gift from Okawaru
 19967 | Lair:6   | Got a brightly glowing hunting sling {god gift}
 20203 | Lair:6   | Got a scorched chain mail
 20216 | Lair:6   | Identified the +1 chain mail of Purpose {Int+2 Stlth+} (You found it on level 6 of the Lair of Beasts)
 20368 | Lair:6   | Identified the +1 hunting sling "Ogrebane" {freeze, *Drain Str+2 Dex+6} (Okawaru gifted it to you on level 6 of the Lair of Beasts)
 21040 | Lair:6   | Reached skill level 5 in Dodging
 21329 | Lair:6   | Reached skill level 5 in Shields
 22101 | Lair:6   | Found the +9 staff of Wucad Mu {channel}
 22266 | Lair:1   | Noticed JackS81's ghost (journeyman GnTm)
 22276 | Lair:1   | Killed JackS81's ghost
 22377 | Orc:1    | Entered Level 1 of the Orcish Mines
 22377 | Orc:1    | Found Supraob's Quality Used Wands.
 22389 | Orc:1    | Received a gift from Okawaru
 22468 | Orc:1    | Found a frozen archway.
 22472 | Orc:1    | Reached skill level 15 in Fighting
 22479 | IceCv    | Entered an ice cave
 22635 | IceCv    | Reached skill level 15 in Armour
 23266 | IceCv    | Got a crude hand crossbow
 23267 | IceCv    | Identified the +6 hand crossbow of Xom's Wrath {venom, +Inv rC+ rN+ Int-5 SInv} (You found it in an ice cave)
 23390 | Orc:1    | Reached XP level 15. HP: 58/141 MP: 19/19
 24098 | Orc:2    | Entered Level 2 of the Orcish Mines
 24293 | Orc:2    | Received a gift from Okawaru
 24637 | Orc:2    | Found Goomi's Antique Weapon Boutique.
 24639 | Orc:2    | Found Cigas's Food Shop.
 24654 | Orc:2    | Found Niyficwi's Gadget Shop.
 24667 | Orc:2    | Found Keugi's Antique Weapon Boutique.
 24679 | Orc:2    | Bought a box of beasts for 280 gold pieces
 24837 | Orc:2    | Found a staircase to the Elven Halls.
 25965 | D:13     | Killed tof's ghost
 26440 | D:14     | Noticed Azrael
 27071 | D:14     | Killed Azrael
 27418 | D:14     | Reached skill level 5 in Evocations
 27798 | D:14     | Found a gate to the Vaults.
 28531 | D:15     | Entered Level 15 of the Dungeon
 28679 | D:15     | Received a gift from Okawaru
 29240 | D:15     | Found Amotudis's Armour Shoppe.
 29631 | D:15     | Received a gift from Okawaru
 29631 | D:15     | Reached XP level 16. HP: 82/151 MP: 18/21
 29854 | D:15     | Found a staircase to the Depths.
 29964 | D:15     | Found a glowing silver altar of Zin.
 30594 | Snake:1  | Entered Level 1 of the Snake Pit
 30694 | Snake:1  | Noticed Louise
 30721 | Snake:1  | Killed Louise
 31531 | Snake:1  | Reached skill level 19 in Axes
 34151 | Snake:2  | Noticed Jorgrun
 34165 | Snake:2  | Killed Jorgrun
 34857 | Snake:2  | Noticed Vashnia
 34959 | Snake:2  | Shot with a bolt by Vashnia

Vault maps used:
D:1:      lightli_arrival_statuegarden
D:3:      minmay_roachtagon, fedhas_altar_fruit_tree
D:4:      cheibrodos_old_hovel, evilmike_ruin_ashenzari, temple_doors_e,
          lightli_ossuary_entry_decrepit_ruins, st_stairs_9
D:5:      cheibriados_altar_1, lemuel_doored_altar, first_bread
D:6:      gammafunk_temple_overflow_statue, minivault_5, lemuel_tele_altar
D:8:      old_standard_altar, uniq_erica
D:9:      elyvilon_altar_4, kennysheep_mini_moat, makhleb_altar_promises_db,
          dpeg_oklobed_lair, david_nohive_1,
          hangedman_abyss_or_decor_lesser_grid
D:11:     minmay_misc_feat_rows
D:12:     orc_0_dummy
D:13:     lab_entry_generic, guppyfry_shop_venom, uniq_josephine, uniq_erolcha
D:14:     david_vaults_4, uniq_azrael
D:15:     grunt_enter_depths_giant_problem, basic_altar, bh_walls_and_bars,
          serial_shops, nicolae_shop_crystal, sword_in_stone
Temple:   nicolae_temple_god_jail
Lair:1:   grunt_megastairs_4, minmay_lair_oklob_chamber, uniq_harold
Lair:2:   shoals_dummy_entry, dummy_snake_entry, lemuel_fruit_tree,
          grunt_megastairs_3
Lair:3:   enter_volcano_1, uniq_urug
Lair:4:   grunt_megastairs_5, serial_bayou_shore_a
Lair:5:   minmay_slime_entry_jelly_boxes
Lair:6:   evilmike_catoblepas_cave
Snake:1:  nicolae_snake_salamander_stairs, uniq_louise
Snake:2:  uniq_vashnia, uniq_jorgrun
Orc:1:    portal_ice_cave_rime, nicolae_for_you_no_charge
Orc:2:    st_orc_mages
Ossuary:  ossuary_tomb_3
IceCv:    ice_cave_statue_garden_chambered
Volcano:  volcano_lake

Skill      XL: |  1  2  3  4  5  6  7  8  9 10 11 12 13 14 15 16 |
---------------+-------------------------------------------------+-----
Fighting       | 4 5 6 7 8 9 11 12 13 14 15 16 | 16.5
Armour         | 4 5 6 7 8 9 11 12 13 14 15 16 | 16.4
Axes           | 3 4 5 6 9 11 13 15 16 17 18 19 | 19.2
Invocations    | 3 6 7 8 |  8.0
Maces & Flails | 2 |  2.0
Dodging        | 3 6 8 9 |  9.6
Evocations     | 3 6 7 |  7.1
Shields        | 6 |  6.3

Action                   |  1- 3 |  4- 6 |  7- 9 | 10-12 | 13-15 | 16-18 || total
-------------------------+-------+-------+-------+-------+-------+-------++-------
Melee: War axe           |    94 |   100 |    93 |       |       |       ||   287
       Headbutt          |    16 |    15 |    51 |    79 |   292 |    67 ||   520
       Mace              |       |       |   111 |       |    10 |       ||   121
       Hand axe          |       |       |    86 |   187 |       |       ||   273
       Halberd           |       |       |     8 |       |       |       ||     8
       Broad axe         |       |       |       |   222 |   544 |       ||   766
       Great mace        |       |       |       |     6 |       |       ||     6
       Demon whip        |       |       |       |       |   181 |    36 ||   217
       Battleaxe         |       |       |       |       |   438 |   213 ||   651
 Fire: Hunting sling     |       |       |     8 |       |       |       ||     8
Invok: Heroism           |       |       |     1 |     4 |    14 |     5 ||    24
       Finesse           |       |       |       |       |     8 |     1 ||     9
Evoke: Wand              |       |       |       |       |       |     2 ||     2
  Use: Scroll            |       |     5 |    12 |    12 |    13 |     6 ||    48
       Potion            |       |     3 |     2 |     7 |     5 |     3 ||    20
 Stab: Invisible         |       |       |       |       |     4 |       ||     4
  Eat: Chunk             |       |     6 |     4 |     8 |    23 |     3 ||    44
       Meat ration       |       |       |     2 |     2 |     5 |     2 ||    11
       Fruit             |       |       |       |     5 |     3 |     1 ||     9
       Royal jelly       |       |       |       |       |     1 |       ||     1
       Bread ration      |       |       |       |       |       |     1 ||     1
Armor: Scale mail        |    51 |    38 |       |       |       |       ||    89
       Chain mail        |       |       |   180 |   224 |   325 |       ||   729
       Plate armour      |       |       |       |       |   235 |    96 ||   331
Dodge: Dodged            |    36 |    34 |    62 |   114 |   413 |    85 ||   744
Block: Shield            |    53 |    55 |   162 |   197 |   361 |     6 ||   834
       Reflection        |       |       |       |       |     9 |       ||     9
       Other             |       |       |       |       |    25 |     8 ||    33

Table legend:
 A = Spawn XP
 B = Non-spawn XP
 C = Spawn XP percentage of total XP
 D = Spawn monster count
 E = Non-spawn monster count
 F = Spawn count percentage of total count
 G = Total turns spent on level
                    A         B        C        D         E        F      G
               +---------+---------+-------+---------+---------+-------+---------
         Total |       0 |  173059 |   0.0 |       0 |     751 |   0.0 | 34959
               +---------+---------+-------+---------+---------+-------+---------
           D:1 |       0 |      49 |   0.0 |       0 |      26 |   0.0 |   839
           D:2 |       0 |     191 |   0.0 |       0 |      22 |   0.0 |   744
           D:3 |       0 |     401 |   0.0 |       0 |      23 |   0.0 |  1106
           D:4 |       0 |     279 |   0.0 |       0 |      15 |   0.0 |  1027
           D:5 |       0 |     550 |   0.0 |       0 |      16 |   0.0 |  1403
           D:6 |       0 |     905 |   0.0 |       0 |       8 |   0.0 |   744
           D:7 |       0 |     512 |   0.0 |       0 |      11 |   0.0 |   505
           D:8 |       0 |    2340 |   0.0 |       0 |      19 |   0.0 |  1157
           D:9 |       0 |    2466 |   0.0 |       0 |      33 |   0.0 |   956
          D:10 |       0 |    2509 |   0.0 |       0 |      26 |   0.0 |  1054
          D:11 |       0 |    2900 |   0.0 |       0 |      21 |   0.0 |   564
          D:12 |       0 |    2878 |   0.0 |       0 |      19 |   0.0 |  1275
          D:13 |       0 |   11771 |   0.0 |       0 |      30 |   0.0 |  1689
          D:14 |       0 |   16174 |   0.0 |       0 |      62 |   0.0 |  2348
          D:15 |       0 |   27084 |   0.0 |       0 |      50 |   0.0 |  1858
        Lair:1 |       0 |    6644 |   0.0 |       0 |      18 |   0.0 |  1017
        Lair:2 |       0 |    2195 |   0.0 |       0 |      15 |   0.0 |   811
        Lair:3 |       0 |    4607 |   0.0 |       0 |      21 |   0.0 |   989
        Lair:4 |       0 |    5612 |   0.0 |       0 |      24 |   0.0 |  1495
        Lair:5 |       0 |    6391 |   0.0 |       0 |      34 |   0.0 |  1179
        Lair:6 |       0 |   28479 |   0.0 |       0 |      74 |   0.0 |  3013
       Snake:1 |       0 |   17788 |   0.0 |       0 |      32 |   0.0 |  3224
       Snake:2 |       0 |   10244 |   0.0 |       0 |      12 |   0.0 |  1141
         Orc:1 |       0 |    6712 |   0.0 |       0 |      50 |   0.0 |  1219
         Orc:2 |       0 |    5782 |   0.0 |       0 |      51 |   0.0 |  1035
       Ossuary |       0 |     179 |   0.0 |       0 |      16 |   0.0 |   411
         IceCv |       0 |    3240 |   0.0 |       0 |      11 |   0.0 |   878
       Volcano |       0 |    4177 |   0.0 |       0 |      12 |   0.0 |  1243
               +---------+---------+-------+---------+---------+-------+---------
